 Dungeon Crawl Stone Soup version 0.20.1-1-g8b1a95d (webtiles) character file.

989 equalderp2856 the Chopper (level 7, 0/61 HPs)
             Began as a Minotaur Fighter on Aug 4, 2017.
             Slain by an orc warrior
             ... wielding a +1 battleaxe of chopping
              (2 damage)
             ... on level 6 of the Dungeon.
             The game lasted 00:09:48 (5235 turns).

equalderp2856 the Chopper (Minotaur Fighter)        Turns: 5235, Time: 00:09:48

Health: 0/61       AC: 12    Str: 21    XL:     7   Next: 98%
Magic:  6/6        EV:  5    Int:  5    God:
Gold:   355        SH: 10    Dex: 11    Spells: 6/6 levels left

rFire    + . .     SeeInvis .   a - +0 war axe
rCold    . . .     Gourm    .   c - +0 shield
rNeg     . . .     Faith    .   I - +0 plate armour
rPois    .         Spirit   .   (helmet restricted)
rElec    .         Reflect  .   (no cloak)
rCorr    .         Harm     .   (no gloves)
MR       .....                  (no boots)
Stlth    ..........             i - amulet of rage
Regen    0.2/turn               l - ring of protection from fire
MPRegen  0.1/turn               K - ring of flight

@: no status effects
A: retaliatory headbutt, horns 2
a: Evoke Berserk Rage, Evoke Flight


You were on level 6 of the Dungeon.
You were not hungry.

You visited 1 branch of the dungeon, and saw 6 of its levels.

You collected 355 gold pieces.

Inventory:

Hand Weapons
 a - a +0 war axe (weapon)
Missiles
 n - 27 poisoned needles
 o - 92 stones (quivered)
 p - 35 bolts
 q - 107 sling bullets
 v - 75 arrows
 A - 2 throwing nets
 E - 8 tomahawks
Armour
 b - a +0 scale mail
 c - a +0 shield (worn)
 I - a +0 plate armour (worn)
Jewellery
 i - an amulet of rage (around neck)
 l - a ring of protection from fire (left hand)
 K - a ring of flight (right hand)
Scrolls
 e - 2 scrolls of remove curse {unknown}
 h - 9 scrolls of identify
 k - a scroll of enchant armour {unknown}
 s - 2 scrolls of amnesia {unknown}
 t - a scroll of teleportation {unknown}
 u - a scroll of noise {unknown}
 w - 2 scrolls of enchant weapon {unknown}
 y - 2 scrolls of blinking {unknown}
 C - a scroll of recharging {unknown}
 F - a scroll of fog {unknown}
Potions
 d - a potion of might
 m - 2 potions of agility {unknown}
 x - a potion of magic {unknown}
 z - a potion of mutation {unknown}
 B - a potion of degeneration {unknown}
 D - a potion of ambrosia {unknown}
 G - a potion of lignification {unknown}
 H - a potion of heal wounds {unknown}
Comestibles
 f - 3 bread rations
 g - 2 royal jellies
 j - 4 meat rations
 r - 4 fruits
 J - 2 chunks of flesh


   Skills:
 + Level 5.0 Fighting
 + Level 7.3 Axes
 + Level 6.4 Armour
 + Level 2.2 Dodging
 + Level 0.3 Stealth
 + Level 6.0 Shields


You had 6 spell levels left.
You didn't know any spells.

Dungeon Overview and Level Annotations

Branches:
Dungeon (6/15)
 Temple: D:4-7

Altars:
Ashenzari
Nemelex Xobeh
Xom
The Shining One

Shops:
D:5 :


Innate Abilities, Weirdness & Mutations

You reflexively headbutt those who attack you in melee.
You have a pair of horns on your head.


Message History

The orc warrior is heavily wounded.
You hit the orc.
You kill the orc!
You block the orc warrior's attack.
You hit the orc warrior.
The orc warrior is heavily wounded.
You block the orc warrior's attack.
A worker ant comes into view.
You closely miss the orc warrior.
The orc warrior is heavily wounded.
The worker ant twitches its antennae in your direction.
The orc warrior hits you with a battleaxe of chopping!
Your plate armour prevents you from hitting the orc warrior.
The orc warrior is heavily wounded.
The orc warrior hits you with a battleaxe of chopping!
You slash the orc warrior! Your headbutt misses the orc warrior.
The orc warrior is almost dead.
The orc warrior hits you with a battleaxe of chopping!!
* * * LOW HITPOINT WARNING * * *
You die...

........ .# #......##..#
........#.# #.........#
#.........# #........###.
.............
............#########.##
................@ooooa..
...............)#####.#.
#........##.........#.#.#
####..#######...........#
......#########..####...#
.#....).....####.##......
##.........>#.......#
##..........#.##....#
##............#####...#


You could see an orc warrior, a worker ant, an orc wizard and 2 orcs.

Vanquished Creatures
  An ice beast (D:3)
  A sky beast (D:5)
  A necrophage (D:4)
  A centaur (D:6)
  A big kobold (D:3)
  Blork the orc (D:5)
  A scorpion (D:5)
  A howler monkey (D:4)
  An orc priest (D:5)
  A hound (D:4)
  An iguana (D:5)
  3 orc wizards
  A worker ant (D:5)
  A hound zombie (D:4)
  9 adders
  3 oozes
  2 worms (D:2)
  2 dart slugs
  2 leopard geckos
  8 orcs
  9 bats
  5 giant cockroaches
  9 goblins
  9 hobgoblins
  13 jackals
  A quokka (D:5)
  5 frilled lizards
  A jackal zombie (D:5)
  10 kobolds
  A leopard gecko zombie (D:5)
  A quokka zombie (D:5)
  8 rats
114 creatures vanquished.

Notes
Turn   | Place    | Note
-------+----------+-------------------------------------------
     0 | D:1      | equalderp2856 the Minotaur Fighter began the quest for the Orb.
     0 | D:1      | Reached XP level 1. HP: 19/19 MP: 0/0
    73 | D:1      | Found a shattered altar of Ashenzari.
   177 | D:1      | Reached XP level 2. HP: 24/27 MP: 1/1
   651 | D:1      | Reached XP level 3. HP: 33/33 MP: 2/2
  1119 | D:2      | Reached skill level 3 in Axes
  1254 | D:2      | Reached XP level 4. HP: 28/40 MP: 3/3
  1521 | D:2      | Found a sparkling altar of Nemelex Xobeh.
  1620 | D:2      | Reached skill level 4 in Axes
  1800 | D:2      | Found a glowing golden altar of the Shining One.
  2192 | D:3      | Reached skill level 1 in Dodging
  2192 | D:3      | Reached XP level 5. HP: 38/46 MP: 4/4
  2502 | D:3      | Noticed an ice beast
  2763 | D:3      | Killed an ice beast
  2763 | D:3      | Reached skill level 5 in Axes
  2763 | D:3      | Reached skill level 5 in Armour
  2763 | D:3      | Reached skill level 5 in Shields
  2763 | D:3      | Reached XP level 6. HP: 26/52 MP: 5/5
  3461 | D:4      | Reached skill level 6 in Axes
  3461 | D:4      | Reached XP level 7. HP: 51/60 MP: 6/6
  3628 | D:4      | Found a blossoming altar of Fedhas.
  3635 | D:4      | Found a deep blue altar of Sif Muna.
  3635 | D:4      | Found a hazy altar of Hepliaklqana.
  3648 | D:4      | Found an iron altar of Okawaru.
  3648 | D:4      | Found a shattered altar of Ashenzari.
  3648 | D:4      | Found a shimmering altar of Xom.
  3734 | D:5      | Entered Level 5 of the Dungeon
  4123 | D:5      | Found Saujett's Book Shop.
  4707 | D:5      | Reached skill level 7 in Axes
  5099 | D:5      | Noticed Blork the orc
  5107 | D:5      | Killed Blork the orc
  5181 | D:6      | Reached skill level 5 in Fighting
  5235 | D:6      | HP: 2/61 [orc warrior/battleaxe of chopping (21)]
  5235 | D:6      | Slain by an orc warrior

Skill      XL: |  1  2  3  4  5  6  7 |
---------------+----------------------+-----
Shields        | 4 5 6 |  6.0
Fighting       | 4 5 |  5.0
Armour         | 4 5 6 |  6.4
Axes           | 3 4 5 6 7 |  7.3
Dodging        | 1 2 |  2.2
Stealth        | |  0.3

Action                   |  1- 3 |  4- 6 |  7- 9 || total
-------------------------+-------+-------+-------++-------
Melee: War axe           |    84 |   130 |    91 ||   305
       Headbutt          |     5 |    23 |    20 ||    48
  Use: Scroll            |       |       |     1 ||     1
  Eat: Chunk             |     1 |     6 |     6 ||    13
       Fruit             |       |     1 |       ||     1
Armor: Scale mail        |    63 |    61 |    16 ||   140
       Plate armour      |       |       |    31 ||    31
Dodge: Dodged            |    46 |    62 |    13 ||   121
Block: Shield            |    55 |    74 |    57 ||   186
